 Dungeon Crawl Stone Soup version 0.28-a0-724-g66f9036eb4 (webtiles) character file.

Game seed: 3479817061372877564

239 Ijustatesigmund the Covert (level 6, 0/53 HPs)
             Began as a Gnoll Delver on Oct 27, 2021.
             Slain by a jelly (1 damage)
             ... on level 3 of the Dungeon.
             The game lasted 00:06:13 (3645 turns).

Ijustatesigmund the Covert (Gnoll Delver)           Turns: 3645, Time: 00:06:13

Health: 0/53       AC: -6    Str: 11    XL:     6   Next: 7%
Magic:  8/8        EV: 12    Int: 11    God:
Gold:   123        SH:  0    Dex: 14    Spells: 8/8 levels left

rFire   . . .      SeeInvis .   a - +0 war axe
rCold   . . .      Faith    .   (no shield)
rNeg    . . .      Spirit   .   b - +0 ring mail
rPois   .          Reflect  .   (no helmet)
rElec   .          Harm     .   (no cloak)
rCorr   .          Rampage  .   (no gloves)
Will    .....                   (no boots)
Stlth   ++++......              (no amulet)
HPRegen 0.17/turn               (no ring)
MPRegen 0.11/turn               (no ring)

@: corroded
A: fangs 1, strong nose, distributed training
a: no special abilities


You were on level 3 of the Dungeon.
You visited 2 branches of the dungeon, and saw 6 of its levels.

You collected 123 gold pieces.

Inventory:

Hand Weapons
 a - a +0 war axe (weapon)
Missiles
 k - 3 javelins (quivered)
Armour
 b - a +0 ring mail (worn)
Wands
 g - a wand of digging (3)
Scrolls
 c - a scroll of fog
 d - a scroll of magic mapping
 h - a scroll of amnesia
 j - a scroll of enchant armour
Potions
 e - a potion of curing
 f - a potion of heal wounds {unknown}
 i - a potion of berserk rage {unknown}
 l - a potion of attraction {unknown}
 m - a potion of cancellation {unknown}


   Skills:
 + Level 6.8 Fighting
 + Level 1.8 Short Blades
 + Level 1.8 Long Blades
 + Level 4.9 Axes
 + Level 1.8 Maces & Flails
 + Level 1.8 Polearms
 + Level 1.8 Staves
 + Level 1.8 Slings
 + Level 1.8 Bows
 + Level 1.8 Crossbows
 + Level 1.8 Throwing
 + Level 1.8 Armour
 + Level 4.9 Dodging
 + Level 9.7 Stealth
 + Level 1.8 Shields
 + Level 1.8 Unarmed Combat
 + Level 1.8 Spellcasting
 + Level 1.4 Conjurations
 + Level 1.4 Hexes
 + Level 1.4 Summonings
 + Level 1.4 Necromancy
 + Level 1.4 Translocations
 + Level 1.4 Transmutations
 + Level 1.4 Fire Magic
 + Level 1.4 Ice Magic
 + Level 1.4 Air Magic
 + Level 1.4 Earth Magic
 + Level 1.4 Poison Magic
 + Level 2.0 Invocations
 + Level 1.8 Evocations


You had 8 spell levels left.
You didn't know any spells.
Your spell library was empty.

Dungeon Overview and Level Annotations

Branches:
Dungeon (5/15)             Temple (1/1) D:5

Altars:
Ashenzari
Cheibriados
Gozag
Hepliaklqana
Kikubaaqudgha
Qazlal
Ru
Trog
Uskayaw
Vehumet
Wu Jian
Yredelemnul
Zin
The Shining One
Beogh


Innate Abilities, Weirdness & Mutations

You have very sharp teeth.
Your uncanny sense of smell can sniff out nearby items.
Your experience applies equally to all skills.


Message History

The jelly is severely wounded.
The jelly hits you but does no damage.
You are too injured to fight recklessly!
You are too injured to fight recklessly!
You are too injured to fight recklessly!
You are too injured to fight recklessly!
You are too injured to fight recklessly!
You are too injured to fight recklessly!
You are too injured to fight recklessly!
You are too injured to fight recklessly!
You are too injured to fight recklessly!
You are too injured to fight recklessly!
You are too injured to fight recklessly!
You are too injured to fight recklessly!
You are too injured to fight recklessly!
You completely miss the jelly.
The jelly is severely wounded.
The jelly hits you but does no damage.
You hit the jelly. The acid corrodes you!
Your hands burn!
The jelly is almost dead.
The jelly barely misses you.
You hit the jelly but do no damage.
Your hands burn!
The jelly is almost dead.
The jelly closely misses you.
You hit the jelly but do no damage.
Your hands burn!
* * * LOW HITPOINT WARNING * * *
The jelly is almost dead.
The jelly hits you.
* * * LOW HITPOINT WARNING * * *
The acid corrodes you!
You are splashed with acid!
* * * LOW HITPOINT WARNING * * *
The jelly barely misses you.
Throw: 4 javelins
Press: ? - help, Q - select action Shift-Dir - straight line, f - jelly
Aim: a jelly (almost dead, 90% to hit)
You throw a javelin.
The javelin pierces through the jelly but does no damage.
The jelly is almost dead.
The jelly hits you.
You die...

# ############ #
#..........#####
######.......)......###
...........$....!...(.
######..............# #
#..............# #
#...........J..# #
#..).......@...# #
#..............# #
####.†............# #
........###########
..$..?....w....#
#.........######.##
#.........# ##..###
#.........# #.....#
#.........#####.....#


You could see a jelly.

Vanquished Creatures
  An ogre (D:2)
  An orc wizard (D:4)
  3 gnolls (D:2)
  3 adders
  3 worms
  A dart slug (D:1)
  10 orcs
  5 endoplasms
  2 giant cockroaches (D:3)
  3 goblins
  2 hobgoblins
  3 jackals (D:2)
  A quokka (D:2)
  5 ball pythons
  4 bats
  2 frilled lizards
  2 kobolds
  3 rats
54 creatures vanquished.

Vanquished Creatures (others)
  11 plants (D:4)
11 creatures vanquished.

Grand Total: 65 creatures vanquished

Notes
Turn   | Place    | Note
-------+----------+-------------------------------------------
     0 | D:5      | Reached skill level 9 in Stealth
     0 | D:5      | Ijustatesigmund the Gnoll Delver began the quest for the
                  | Orb.
     0 | D:5      | Reached XP level 1. HP: 23/23 MP: 1/1
     6 | Temple   | Entered the Ecumenical Temple
    65 | D:4      | Reached XP level 2. HP: 24/29 MP: 2/2
   236 | D:4      | Found a hazy altar of Hepliaklqana.
   506 | D:4      | Reached skill level 1 in Invocations
   506 | D:4      | Reached XP level 3. HP: 20/35 MP: 2/4
  1141 | D:2      | Reached skill level 1 in Short Blades
  1141 | D:2      | Reached skill level 1 in Long Blades
  1141 | D:2      | Reached skill level 1 in Maces & Flails
  1141 | D:2      | Reached skill level 1 in Polearms
  1141 | D:2      | Reached skill level 1 in Staves
  1141 | D:2      | Reached skill level 1 in Slings
  1141 | D:2      | Reached skill level 1 in Bows
  1141 | D:2      | Reached skill level 1 in Crossbows
  1141 | D:2      | Reached skill level 1 in Throwing
  1141 | D:2      | Reached skill level 1 in Armour
  1141 | D:2      | Reached skill level 1 in Shields
  1141 | D:2      | Reached skill level 1 in Unarmed Combat
  1141 | D:2      | Reached skill level 1 in Spellcasting
  1141 | D:2      | Reached skill level 1 in Evocations
  1184 | D:2      | Reached XP level 4. HP: 27/41 MP: 5/5
  2748 | D:2      | Noticed an ogre
  2753 | D:2      | Reached skill level 1 in Conjurations
  2753 | D:2      | Reached skill level 1 in Hexes
  2753 | D:2      | Reached skill level 1 in Summonings
  2753 | D:2      | Reached skill level 1 in Necromancy
  2753 | D:2      | Reached skill level 1 in Translocations
  2753 | D:2      | Reached skill level 1 in Transmutations
  2753 | D:2      | Reached skill level 1 in Fire Magic
  2753 | D:2      | Reached skill level 1 in Ice Magic
  2753 | D:2      | Reached skill level 1 in Air Magic
  2753 | D:2      | Reached skill level 1 in Earth Magic
  2753 | D:2      | Reached skill level 1 in Poison Magic
  2781 | D:2      | Killed an ogre
  2782 | D:2      | Reached XP level 5. HP: 38/47 MP: 5/7
  3138 | D:2      | Found a faded altar of an unknown god.
  3366 | D:3      | Found a glowing golden altar of the Shining One.
  3384 | D:3      | Reached XP level 6. HP: 51/53 MP: 8/8
  3644 | D:3      | HP: 1/53 [acid (10)]
  3645 | D:3      | Slain by a jelly

Illustrated notes

Levels and vault maps discovered:
D:1:      lightli_arrival_boilingwater, layout_loops_ring
D:2:      layout_rooms, hellmonk_ecumenical_altar_defaced_shrine
D:3:      layout_basic, mainiacjoe_overflow_tiny_flanked
D:4:      layout_loops_ring, nicolae_hepliaklqana_hazy_memory
D:5:      layout_gridville, minmay_temple_entry_grid
Temple:   nicolae_temple_no_exploring_needed

Skill      XL: |  1  2  3  4  5  6 |
---------------+-------------------+-----
Stealth        | |  9.7
Invocations    | 1 2 |  2.0
Short Blades   | 1 |  1.8
Long Blades    | 1 |  1.8
Maces & Flails | 1 |  1.8
Polearms       | 1 |  1.8
Staves         | 1 |  1.8
Slings         | 1 |  1.8
Bows           | 1 |  1.8
Crossbows      | 1 |  1.8
Throwing       | 1 |  1.8
Armour         | 1 |  1.8
Shields        | 1 |  1.8
Unarmed Combat | 1 |  1.8
Spellcasting   | 1 |  1.8
Evocations     | 1 |  1.8
Conjurations   | 1 |  1.4
Hexes          | 1 |  1.4
Summonings     | 1 |  1.4
Necromancy     | 1 |  1.4
Translocations | 1 |  1.4
Transmutations | 1 |  1.4
Fire Magic     | 1 |  1.4
Ice Magic      | 1 |  1.4
Air Magic      | 1 |  1.4
Earth Magic    | 1 |  1.4
Poison Magic   | 1 |  1.4
Fighting       | |  6.8
Axes           | |  4.9
Dodging        | |  4.9

Action                   |  1- 3 |  4- 6 || total
-------------------------+-------+-------++-------
Melee: Hand axe          |    63 |   136 ||   199
       Bite              |     4 |     9 ||    13
       Punch             |     2 |       ||     2
       War axe           |       |     8 ||     8
Throw: Javelin           |       |     5 ||     5
  Use: Scroll            |     3 |     3 ||     6
       Potion            |       |     1 ||     1
 Stab: Sleeping          |     3 |    14 ||    17
Armor: Leather armour    |    10 |     5 ||    15
       Ring mail         |       |    26 ||    26
Dodge: Dodged            |    53 |   107 ||   160

Table legend: (Time is in decaauts)
 A = Elapsed time spent in this place.
 B = Non-inter-level travel time spent in this place.
 C = Inter-level travel time spent in this place.
 D = Time resting spent in this place.
 E = Time spent auto-exploring this place.
 F = Levels seen in this place.
 G = Mean time per level.
                   A        B        C        D        E       F      G
               +--------+--------+--------+--------+--------+-----+--------+
         Total |   3654 |   3546 |    108 |   1411 |   1384 |   6 |  609.0 |
       Dungeon |   3652 |   3544 |    108 |   1411 |   1384 |   5 |  730.4 |
        Temple |      1 |      1 |      0 |      0 |      0 |   1 |    1.0 |
               +--------+--------+--------+--------+--------+-----+--------+

Top non-repeatable levels by time:
     D:2: 1275 daAuts
     D:1: 818 daAuts
     D:3: 789 daAuts
     D:4: 751 daAuts
     D:5: 18 daAuts
  Temple: 1 daAuts
